 Dungeon Crawl Stone Soup version 0.22-a0-305-gd21a89c (webtiles) character file.

110 Gorice the Skirmisher (level 4, -7/54 HPs)
             Began as a Demonspawn Wanderer on Mar 31, 2018.
             Killed by divine providence
             ... invoked by an orc priest
              (13 damage)
             ... on level 3 of the Dungeon.
             The game lasted 00:09:00 (2537 turns).

Gorice the Skirmisher (Demonspawn Wanderer)         Turns: 2537, Time: 00:09:01

Health: -7/54      AC: 22    Str: 12    XL:     4   Next: 61%
Magic:  4/4        EV:  2    Int: 14    God:
Gold:   139        SH:  0    Dex: 13    Spells: 3/3 levels left

rFire    . . .     SeeInvis .   i - +0 dagger (curse)
rCold    . . .     Gourm    .   (no shield)
rNeg     + + +     Faith    .   (armour currently unavailable)
rPois    +         Spirit   .   (helmet currently unavailable)
rElec    .         Reflect  .   (cloak currently unavailable)
rCorr    .         Harm     .   (gloves currently unavailable)
MR       .....     NoTele   +   (boots currently unavailable)
Stlth    ++........             (no amulet)
HPRegen  0.18/turn              (no ring)
MPRegen  0.09/turn              (no ring)

@: tree-form
A: no striking features
a: no special abilities


You were on level 3 of the Dungeon.
You were not hungry.
You were a tree.
You visited 1 branch of the dungeon, and saw 3 of its levels.

You collected 139 gold pieces.

Inventory:

Hand Weapons
 a - a +0 spear
 e - a +0 dagger
 i - a cursed +0 dagger (weapon)
 o - a +0 halberd
Missiles
 m - 20 sling bullets
 Y - 53 stones (quivered)
Armour
 d - a +0 robe
 g - a +0 chain mail (melded)
 k - a +0 ring mail
Wands
 b - a wand of enslavement (10)
Scrolls
 p - a scroll of teleportation {!r}
Potions
 j - a potion of heal wounds {!q}
 l - a potion of brilliance {!q}
 n - a potion of curing {unknown}
Comestibles
 f - 3 rations
 h - 2 chunks of flesh


   Skills:
 * Level 3.6 Fighting
 - Level 1.7 Polearms
 - Level 1.0 Throwing
 + Level 2.2 Armour
 - Level 1.7 Dodging
 - Level 2.6 Stealth
 - Level 1.0 Evocations


You had 3 spell levels left.
You didn't know any spells.

Dungeon Overview and Level Annotations

Branches:
Dungeon (3/15)

Altars:
Wu Jian

Annotations:
D:3 xccam's ghost, amateur FoFi


Innate Abilities, Weirdness & Mutations

((You have a pair of small horns on your head.))


Message History

What are your orders? t - Shout!
Orders for allies: a - Attack new target. p - Attack previous target. r - Retreat! s - Stop attacking. g - Guard the area. f - Follow me.
Anything else - Cancel.
Gang up on whom?
Press: ? - help, Dir - move target cursor, f - orc priest, p - orc
Aim: an orc priest, wielding a flail Attack!
You hear some strange, mumbled words.
A puff of flame appears from out of thin air!
The puff of flame hits you!
* * * LOW HITPOINT WARNING * * *
Damage: 2 (max 2)
The orc priest hits your orc but does no damage.
Your orc hits the orc priest.
You hear some strange, mumbled words.
A puff of frost appears from out of thin air!
The puff of frost hits you!
* * * LOW HITPOINT WARNING * * *
Damage: 4 (max 4)
Something hits you but does no damage. Something hits you but does no damage.
You miss something. Your headbutt misses something.
You hear some strange, mumbled words.
A puff of frost appears from out of thin air!
The puff of frost hits you! Something hits you but does no damage.
You closely miss something. Your headbutt misses something.
Something hits you but does no damage.
You closely miss something.
You hear some strange, mumbled words.
A magic dart appears from out of thin air!
The magic dart hits you!
* * * LOW HITPOINT WARNING * * *
Something hits you but does no damage.
Damage: 8 (max 8) Really quaff
c - a potion of lignification {!q}?
You turn into a tree.
Your +0 chain mail melds into your body.
Your roots penetrate the ground.
Something hits you but does no damage.
Unknown command.
You miss something.
You hear some strange, mumbled words.
A magic dart appears from out of thin air!
The magic dart hits you! Something hits you but does no damage.
You closely miss something.
The orc priest calls down the wrath of Beogh upon you.
Beogh smites you!
You die...

#.##.# #o##.# #o##.#
#.##.#
#########.##.#####
#.................
#>..o.............
#######.#.##...#......
#....♣..#.##.#.#######
#.#######....#.# ##
#.# #.####.# ####. #.#
### #.# #.... #.# #.#
#.... #.# #.###....
#.# #........ #.#
#........
#.############........


You could see an orc priest.

Vanquished Creatures
  An orc wizard (D:2)
  3 gnolls (D:2)
  An adder (D:3)
  An adder zombie (D:1)
  A worm (D:2)
  2 leopard geckos
  4 orcs (D:3)
  A bat zombie (D:1)
  3 goblins (D:1)
  2 hobgoblins
  6 jackals (D:1)
  A quokka (D:3)
  2 bats
  3 frilled lizards
  3 kobolds (D:1)
  3 rats
37 creatures vanquished.

Vanquished Creatures (others)
  A gnoll (D:2)
  An orc (D:3)
2 creatures vanquished.

Grand Total: 39 creatures vanquished

Notes
Turn   | Place    | Note
-------+----------+-------------------------------------------
     0 | D:1      | Gorice the Demonspawn Wanderer began the quest for the Orb.
     0 | D:1      | Gorice set off with: a wand of enslavement (15), a +0 spear, a potion of lignification {!q}, a +0 robe, a +0 dagger, a ration
     0 | D:1      | Reached XP level 1. HP: 16/16 MP: 1/1
    37 | D:1      | HP: 4/16 [adder zombie (2)]
    39 | D:1      | Reached skill level 1 in Polearms
   424 | D:1      | Gained mutation: You have a pair of small horns on your head. [demonic ancestry]
   424 | D:1      | Reached XP level 2. HP: 18/22 MP: 2/2
  1021 | D:2      | Reached XP level 3. HP: 25/28 MP: 3/3
  1492 | D:2      | Reached skill level 3 in Fighting
  2006 | D:2      | Reached skill level 2 in Armour
  2006 | D:2      | Reached XP level 4. HP: 20/35 MP: 4/4
  2202 | D:3      | Noticed xccam's ghost (amateur FoFi)
  2273 | D:3      | Found an ornate altar of the Wu Jian Council.
  2534 | D:3      | HP: 4/36 [something/magic dart (8)]
  2537 | D:3      | Killed from afar by an orc priest

Vault maps used:
D:1:      saegor_arrival_fortress
D:2:      minmay_misc_feat_ornament, moated_statue
D:3:      nicolae_overflow_crystal_walls

Skill      XL: |  1  2  3 |
---------------+----------+-----
Polearms       | 1 |  1.7
Fighting       | 3 |  3.6
Armour         | 2 |  2.2
Throwing       | |  1.0
Dodging        | |  1.7
Stealth        | |  2.6
Evocations     | |  1.0

Action                   |  1- 3 |  4- 6 || total
-------------------------+-------+-------++-------
Melee: Spear             |    26 |       ||    26
       Dagger            |   129 |    59 ||   188
       Headbutt          |    22 |     6 ||    28
Throw: Stone             |     5 |     2 ||     7
Evoke: Wand              |     4 |     1 ||     5
  Use: Scroll            |     6 |     1 ||     7
       Potion            |       |     1 ||     1
 Stab: Sleeping          |     1 |       ||     1
  Eat: Chunk             |     3 |     2 ||     5
Armor: Robe              |     5 |       ||     5
       Chain mail        |    82 |    38 ||   120
       Skin              |       |     3 ||     3
Dodge: Dodged            |    40 |    15 ||    55

Table legend:
 A = Spawn XP
 B = Non-spawn XP
 C = Spawn XP percentage of total XP
 D = Spawn monster count
 E = Non-spawn monster count
 F = Spawn count percentage of total count
 G = Total turns spent on level
                    A         B        C        D         E        F      G
               +---------+---------+-------+---------+---------+-------+---------
         Total |       0 |     158 |   0.0 |       0 |      37 |   0.0 |  2537
               +---------+---------+-------+---------+---------+-------+---------
           D:1 |       0 |      38 |   0.0 |       0 |      20 |   0.0 |  1040
           D:2 |       0 |      87 |   0.0 |       0 |       7 |   0.0 |  1022
           D:3 |       0 |      33 |   0.0 |       0 |      10 |   0.0 |   475
               +---------+---------+-------+---------+---------+-------+---------

Table legend:
 A = Turns spent in this place as a percentage of turns spent in the entire game.
 B = Non-inter-level travel turns spent in this place as a percentage of non-inter-level travel turns spent in the entire game.
 C = Inter-level travel turns spent in this place as a percentage of turns spent in this place.
 D = Turns resting spent in this place as a percentage of non-inter-level travel turns spent in this place.
 E = Turns spent auto-exploring this place as a percentage of non-inter-level travel turns spent in this place.
 F = Non-inter-level travel turns spent in this place divided by the number of levels of this place that you've seen.
                   A       B       C       D       E      F
               +-------+-------+-------+-------+-------+----------------------
         Total | 100.0 | 100.0 |   4.5 |  26.6 |  37.8 | 807.7
       Dungeon | 100.0 | 100.0 |   4.5 |  26.6 |  37.8 | 807.7
               +-------+-------+-------+-------+-------+----------------------

Vault maps used:
D:1:      saegor_arrival_fortress
D:2:      minmay_misc_feat_ornament, moated_statue
D:3:      nicolae_overflow_crystal_walls
